 Dungeon Sprint DCSS version 0.30-a0-1160-g6e42c06551 (webtiles) character file.

Game seed: 5134399934408424570

4249 FlurksSlurper the Covert (level 10, -1/82 HPs)
             Began as a Demonspawn Brigand on Apr 26, 2023.
             Was an Initiate of Gozag.
             Slain by a vault guard
             ... wielding a +0 dire flail
              (11 damage)
             ... in the Dungeon (Sprint V: "Ziggurat Sprint").
             The game lasted 00:07:48 (708 turns).

FlurksSlurper the Covert (Demonspawn Brigand)        Turns: 708, Time: 00:07:49

Health: -1/82      AC: 30    Str: 20      XL:     10   Next: 9%
Magic:  19/19      EV:  8    Int: 14 (15) God:    Gozag
Gold:   4986       SH:  0    Dex: 23      Spells: 9/9 levels left

rFire   . . .        b - +6 shillelagh "Devastator" {shatter}
rCold   + . .        (no shield)
rNeg    . . .        G - +15 Maxwell's patent armour {-Cast -Tele rElec Will+ rCorr}
rPois   .            (helmet restricted)
rElec   +            c - +0 cloak
rCorr   +            (no gloves)
SInv    .            (no boots)
Will    +....        C - amulet of Greed {Faith MP+9 Str+8 Dex-5}
Stlth   ++           L - ring "Onuok" {rC+ Int+2 Dex+4}
HPRegen 1.33/turn    z - +6 ring of dexterity
MPRegen 0.16/turn

%: no teleportation, no spellcasting, faith
@: gold aura, hasted, studying Summonings, very quick
A: antennae 2, powered by death 1, sharp scales 1, demonic magic 1
a: Renounce Religion, Potion Petition, Call Merchant, Bribe Branch


You were in the Dungeon.
You worshipped Gozag.
Gozag was most pleased with you.
You visited 1 branch You collected 4986 gold pieces.

Inventory:

Hand Weapons
 a - the +27 heavy crossbow "Sniper" {heavy, Acc+∞ SInv}
   (You found it in the Dungeon)

   Acc+∞: It never misses its target.
   SInv:      It lets you see invisible.
 b - the +6 shillelagh "Devastator" (weapon) {shatter}
   (You found it in the Dungeon)
 x - the +8 storm bow {elec, penet}
   (You found it in the Dungeon)
 J - the +8 arc blade {discharge, rElec}
   (You found it in the Dungeon)

   rElec:     It insulates you from electricity.
Missiles
 d - 9 poisoned darts (quivered)
 e - 3 curare-tipped darts
Armour
 c - a +0 cloak (worn)
 l - +5 gold dragon scales
 G - the +15 Maxwell's patent armour (worn) {-Cast -Tele rElec Will+ rCorr}
   (You found it in the Dungeon)

   rElec:     It insulates you from electricity.
   -Cast:     It prevents spellcasting.
   -Tele:     It prevents most forms of teleportation.
   rCorr:     It protects you from acid and corrosion.
   Will:      It increases your willpower.
 H - the +18 shield of the Gong {Loud rN+ Will+ rCorr EV-5}
   (You found it in the Dungeon)

   Loud:      It is deafeningly noisy when blocking attacks.
   EV:        It affects your evasion (-5).
   rN:        It protects you from negative energy.
   rCorr:     It protects you from acid and corrosion.
   Will:      It increases your willpower.
Jewellery
 z - a +6 ring of dexterity (right hand)
 B - an amulet of magic regeneration
 C - the amulet of Greed (around neck) {Faith MP+9 Str+8 Dex-5}
   (You found it in the Dungeon)

   [amulet of faith]

   It allows you to gain divine favour quickly.
   Str:       It affects your strength (+8).
   Dex:       It affects your dexterity (-5).
   MP:        It affects your magic capacity (+9).
 F - an amulet of the acrobat
 L - the ring "Onuok" (left hand) {rC+ Int+2 Dex+4}
   (You found it in the Dungeon)

   [ring of protection from cold]

   Int:       It affects your intelligence (+2).
   Dex:       It affects your dexterity (+4).
   rC:        It protects you from cold.
Wands
 p - a wand of polymorph (11)
 v - a wand of mindburst (7)
 w - a wand of light (7)
 D - a wand of roots (12)
 E - a wand of flame (28)
Scrolls
 k - 4 scrolls of blinking
 r - 4 scrolls of amnesia
 s - 7 scrolls of fog
 t - 5 scrolls of identify
 u - 2 scrolls of fear
 I - 8 scrolls of enchant armour
 M - a scroll of brand weapon
Potions
 f - 11 potions of curing
 g - 5 potions of heal wounds
 h - a potion of haste
 i - 7 potions of magic
 j - 3 potions of berserk rage
 m - 2 potions of brilliance
 n - 2 potions of invisibility
 o - 4 potions of resistance
 q - 5 potions of might
 K - a potion of degeneration {unknown}
Miscellaneous
 A - a tin of tremorstones (2/2)


   Skills:
 + Level 8.6 Fighting
 + Level 4.0 Short Blades
 * Level 0.1 Maces & Flails
 * Level 13.5 Ranged Weapons
 + Level 4.4 Throwing
 + Level 7.9 Armour
 * Level 2.6 Dodging
 + Level 13.5 Stealth


You had 9 spell levels left.
You didn't know any spells.
Your spell library contained the following spells:

 Spells                   Type           Power      Damage    Failure   Level
 Beastly Appendage        Tmut           0%         N/A       99%         1
 Lesser Beckoning         Tloc           0%         N/A       100%        2
 Passwall                 Tmut/Erth      0%         N/A       100%        2
 Scorch                   Fire           0%         2d5       100%        2
 Wereblood                Tmut           0%         N/A       100%        2
 Call Canine Familiar     Summ           0%         N/A       100%        3
 Inner Flame              Hex/Fire       0%         N/A       100%        3
 Portal Projectile        Hex/Tloc       0%         N/A       100%        3
 Spider Form              Tmut/Pois      0%         N/A       100%        3
 Vhi's Electric Charge    Tloc/Air       0%         N/A       100%        3
 Flame Wave               Conj/Fire      0%         2d4       100%        4
 Leda's Liquefaction      Hex/Erth       0%         N/A       100%        4
 Manifold Assault         Tloc           0%         N/A       100%        4
 Fireball                 Conj/Fire      0%         3d3       100%        5
 Iskenderun's Battlesphe  Conj           0%         2d6       100%        5
 Silence                  Hex/Air        0%         N/A       100%        5
 Yara's Violent Unravell  Hex/Tmut       0%         3d3       100%        5
 Conjure Ball Lightning   Conj/Air       0%         3x3d6     100%        6
 Summon Cactus Giant      Summ           0%         N/A       100%        6
 Enfeeble                 Hex            0%         N/A       100%        7
 Orb of Destruction       Conj           0%         9d5       100%        7


Dungeon Overview and Level Annotations

Branches:
Dungeon (1/1)

Altars:
Ashenzari
Cheibriados
Dithmenos
Fedhas
Gozag
Hepliaklqana
Kikubaaqudgha
Makhleb
Nemelex Xobeh
Okawaru
Qazlal
Ru
Sif Muna
Trog
Uskayaw
Vehumet
Wu Jian
Xom
Yredelemnul
Jiyva
Lugonu


Innate Abilities, Weirdness & Mutations

You have a pair of antennae on your head.
You regenerate a little health from kills.
You are partially covered in razor-sharp scales. (AC +1, Slay +1)
Spells you cast may paralyse adjacent enemies.


Message History

The yaktaur captain shoots a bolt.
The bolt closely misses you.
Unknown command.
You are too confused!
You are too confused!
Unknown command.
You feel better.
Unknown command.
Okay, then.
The vault guard hits you but does no damage.
The sphinx casts a spell.
Something smites you!
The yaktaur shoots a bolt.
The bolt hits you.
The yaktaur captain shoots a bolt.
The bolt hits the wizard!!
The wizard hits you but does no damage.
You feel much better.
The yaktaur shoots a bolt.
The bolt hits the wizard!!
The wizard dies!
The yaktaur captain shoots a bolt.
The bolt hits you!
The yaktaur is distracted by your dazzling golden aura.
Time to lay down the shillelagh law.
b - the +6 shillelagh "Devastator" (weapon)
{shatter} The vault sentinel blows a loud note on a signal horn!
The vault guard hits you with a +0 dire flail!
Unknown command.
You closely miss the vault guard.
You punch the vault guard, but do no damage.
The vault guard hits you with a +0 long sword.
The vault guard hits you but does no damage.
Unknown command.
You hit the vault guard.
The vault guards, the yaktaur, the sphinx and the vault sentinel shudder.
The yaktaur is moderately wounded.
You kill the vault sentinel!
The vault guard is moderately wounded.
The vault guard is lightly wounded.
The yaktaur captain shoots a bolt.
The bolt hits you!!!
* * * LOW HITPOINT WARNING * * *
The vault guard hits you but does no damage.
The vault guard hits you with a +0 dire flail!
You die...
Your body crumbles into a pile of gold. {{{{{ ▓..)[[))..▓ {{{{{

▓...||[)..▓
▓.........▓
▓.........▓
▓.....c...▓
▓.......c.▓
▓......cp$▓
▓....©YHp@▓
▓▓▓▓▓▓▓▓▓▓▓


{{{{{{{{{ You could see a dire elephant, a sphinx, a yaktaur captain, 2 vault
guards and 2 yaktaurs.

Vanquished Creatures
  A vault sentinel (D)
  A komodo dragon (D)
  A wind drake (D)
  2 merfolk (D)
  2 large abominations (D)
  3 tarantellas (D)
  A jumping spider (D)
  Sigmund (D)
  3 yaks (D)
  A neqoxec (D)
  Edmund (D)
  Duvessa (D)
  3 centaurs (D)
  A wolf (D)
  Blork the orc (D)
  A bullfrog (D)
  5 scorpions (D)
  Dowan (D)
  A crimson imp (D)
  An iron imp (D)
  2 orc priests (D)
  Crazy Yiuf (D)
  10 starcursed masses (D)
  Jessica (D)
  An adder (D)
  A shadow imp (D)
  3 white imps (D)
  2 ufetubi (D)
  2 ball pythons (D)
55 creatures vanquished.

Vanquished Creatures (others)
  A wizard (D)
1 creature vanquished.

Grand Total: 56 creatures vanquished

Notes
Turn   | Place    | Note
-------+----------+-------------------------------------------
     0 | D        | FlurksSlurper the Demonspawn Brigand began the quest for
                  | the Orb.
     0 | D        | Reached XP level 1. HP: 16/16 MP: 1/1
     6 | D        | Found a shimmering blue altar of Sif Muna.
     6 | D        | Found a bloodstained altar of Trog.
     6 | D        | Found a sacrificial altar of Ru.
     6 | D        | Found a stormy altar of Qazlal.
     6 | D        | Found an iron altar of Okawaru.
     7 | D        | Found a sparkling altar of Nemelex Xobeh.
     7 | D        | Found a blossoming altar of Fedhas.
     7 | D        | Found the +6 Majin-Bo {spellvamp, MP+6 Int+6}
     7 | D        | Found the +27 heavy crossbow "Sniper" {heavy, Acc+∞ SInv}
     7 | D        | Found the +10 dark maul {heavy}
     7 | D        | Found the +15 Maxwell's patent armour {-Cast -Tele rElec
                  | Will+ rCorr}
     7 | D        | Found the +18 shield of the Gong {Loud rN+ Will+ rCorr
                  | EV-5}
     7 | D        | Found the +16 obsidian axe {drain, demonic, Mesm Drain Fly
                  | SInv}
     7 | D        | Found the +7 great mace "Firestarter" {flame, immolate,
                  | rFlCloud rF++}
     7 | D        | Found the +6 shillelagh "Devastator" {shatter}
     7 | D        | Found the +11 plutonium sword {Contam Stlth-}
     7 | D        | Found the +8 lance "Wyrmbane" {slay drac, rPois rF+ rC+
                  | AC+3}
     7 | D        | Found the +9 sword of Zonguldrok {reap}
     7 | D        | Found the +13 scythe of Curses {drain, curses, Drain}
     7 | D        | Found the +9 sword of Power {lifebolt}
     7 | D        | Found the +7 mace of Variability {chaos, chaos arc}
     7 | D        | Found the +11 Singing Sword {sonic wave}
     7 | D        | Found the +8 storm bow {elec, penet}
     9 | D        | Found a transporter.
     9 | D        | Found an ancient bone altar of Kikubaaqudgha.
     9 | D        | Found a viscous altar of Jiyva.
     9 | D        | Found a corrupted altar of Lugonu.
     9 | D        | Found a hazy altar of Hepliaklqana.
     9 | D        | Found a burning altar of Makhleb.
     9 | D        | Found an opulent altar of Gozag.
    60 | D        | Became a worshipper of Gozag Ym Sagoz the Greedy
    61 | D        | Gained mutation: You are partially covered in razor-sharp
                  | scales. (AC +1, Slay +1) [demonic ancestry]
    61 | D        | Reached XP level 2. HP: 25/25 MP: 2/2
    71 | D        | Entered arena 2.
    71 | D        | Found a transporter.
    73 | D        | Reached skill level 1 in Dodging
    73 | D        | Gained mutation: Spells you cast may paralyse adjacent
                  | enemies. [demonic ancestry]
    73 | D        | Reached XP level 3. HP: 30/30 MP: 3/3
    86 | D        | Entered arena 3.
    86 | D        | Found a transporter.
    88 | D        | Gained mutation: You have a pair of small antennae on your
                  | head. [demonic ancestry]
    88 | D        | Reached XP level 4. HP: 37/37 MP: 4/4
   106 | D        | Entered arena 4.
   106 | D        | Noticed a large abomination
   106 | D        | Found a transporter.
   109 | D        | Killed a large abomination
   110 | D        | Reached skill level 5 in Fighting
   110 | D        | Reached skill level 5 in Ranged Weapons
   110 | D        | Reached XP level 5. HP: 32/44 MP: 5/5
   110 | D        | Reached XP level 6. HP: 37/51 MP: 6/6
   112 | D        | Reached skill level 10 in Stealth
   149 | D        | Entered arena 5.
   149 | D        | Noticed a tarantella
   149 | D        | Noticed a tarantella
   149 | D        | Found a transporter.
   150 | D        | Killed a tarantella
   151 | D        | Killed a tarantella
   152 | D        | Gained mutation: You have a pair of antennae on your head.
                  | [demonic ancestry]
   152 | D        | Reached XP level 7. HP: 57/58 MP: 7/7
   172 | D        | Got the amulet of Greed {Faith MP+9 Str+8 Dex-5}
   176 | D        | Entered arena 6.
   176 | D        | Noticed a jumping spider
   176 | D        | Noticed a tarantella
   176 | D        | Found a transporter.
   177 | D        | Killed a jumping spider
   178 | D        | Killed a tarantella
   179 | D        | Reached XP level 8. HP: 62/65 MP: 8/8
   212 | D        | Entered arena 7.
   212 | D        | Noticed a merfolk
   212 | D        | Noticed a wind drake
   212 | D        | Noticed a merfolk
   214 | D        | Killed a wind drake
   215 | D        | Reached skill level 5 in Armour
   217 | D        | Found a transporter.
   220 | D        | Killed a merfolk
   223 | D        | Killed a merfolk
   224 | D        | Reached skill level 10 in Ranged Weapons
   225 | D        | Reached XP level 9. HP: 38/72 MP: 9/9
   246 | D        | Got the Compilation of Flames and Orientation
   350 | D        | Entered arena 8.
   350 | D        | Found the +8 arc blade {discharge, rElec}
   350 | D        | Noticed a komodo dragon
   353 | D        | Killed a komodo dragon
   364 | D        | Found a transporter.
   382 | D        | Got the Tome of the Aerial Shapeshifter
   490 | D        | Entered arena 9.
   490 | D        | Noticed Sigmund
   490 | D        | Noticed Jessica
   490 | D        | Noticed Blork the orc
   490 | D        | Noticed Crazy Yiuf
   490 | D        | Noticed Dowan
   490 | D        | Noticed Duvessa
   490 | D        | Noticed Edmund
   492 | D        | Killed Sigmund
   493 | D        | Killed Crazy Yiuf
   494 | D        | Killed Blork the orc
   495 | D        | Killed Jessica
   497 | D        | Killed Edmund
   499 | D        | Killed Dowan
   500 | D        | Killed Duvessa
   508 | D        | Found a transporter.
   540 | D        | Got the ring "Onuok" {rC+ Int+2 Dex+4}
   617 | D        | Entered arena 10.
   617 | D        | Noticed a starcursed mass
   624 | D        | Gained mutation: You regenerate a little health from kills.
                  | [demonic ancestry]
   624 | D        | Reached XP level 10. HP: 58/82 MP: 10/10
   630 | D        | Killed a starcursed mass
   635 | D        | Found a transporter.
   696 | D        | Entered arena 11.
   696 | D        | Found the +7 captain's cutlass {speed, disarm}
   696 | D        | Found the +3 robe of Clouds {*Thunder rCloud rElec}
   696 | D        | Noticed a vault guard
   696 | D        | Noticed a yaktaur captain
   696 | D        | Noticed a dire elephant
   696 | D        | Noticed a vault sentinel
   696 | D        | Noticed a sphinx
   696 | D        | Noticed a wizard
   696 | D        | Noticed a vault guard
   705 | D        | Killed a wizard
   708 | D        | Killed a vault sentinel
   708 | D        | Slain by a vault guard

Illustrated notes

Levels and vault maps discovered:
D:        sprint_v [room_start, room_1, room_2, room_3, room_4, room_5, room_6,
          room_7, room_8, room_9, room_10, room_11, room_12, room_13, room_14,
          room_15, room_16, room_17, room_18, room_19, room_20, room_21,
          room_22, room_23, room_24, room_25, room_26, room_27]

Skill      XL: |  1  2  3  4  5  6  7  8  9 |
---------------+----------------------------+-----
Fighting       | 3 4 5 6 7 8 |  8.6
Ranged Weapons | 4 5 6 8 10 13 | 13.5
Armour         | 2 3 4 5 7 |  7.9
Stealth        | 4 6 7 9 12 13 | 13.5
Short Blades   | 2 3 4 |  4.0
Throwing       | 2 3 4 |  4.4
Dodging        | 1 2 |  2.6
Maces & Flails | |  0.1

Action                     |  1- 3 |  4- 6 |  7- 9 | 10-12 || total
---------------------------+-------+-------+-------+-------++-------
  Melee: Shillelagh        |       |       |       |     9 ||     9
         Punch             |       |       |       |     2 ||     2
   Fire: Heavy crossbow    |     3 |    10 |    43 |     4 ||    60
    Use: Potion            |     2 |       |     5 |     5 ||    12
 Armour: Plate armour      |     1 |    46 |   208 |    19 ||   274
  Dodge: Dodged            |       |     6 |    40 |    10 ||    56

Table legend: (Time is in decaauts)
 A = Elapsed time spent in this place.
 B = Non-inter-level travel time spent in this place.
 C = Inter-level travel time spent in this place.
 D = Time resting spent in this place.
 E = Time spent auto-exploring this place.
 F = Levels seen in this place.
 G = Mean time per level.
                   A        B        C        D        E       F      G
               +--------+--------+--------+--------+--------+-----+--------+
         Total |    801 |    799 |      2 |    277 |      0 |   1 |  801.0 |
       Dungeon |    801 |    799 |      2 |    277 |      0 |   1 |  801.0 |
               +--------+--------+--------+--------+--------+-----+--------+

Top non-repeatable levels by time:
       D: 801 daAuts
